Map: [ESL] Alcyone

Players

SKillous - Winner!

  • Race: Protoss Protoss
  • League: Grandmaster
  • Spawn Location: 1:00

BabyMarine

  • Race: Terran Terran
  • Spawn Location: 7:00

Event: HomeStory Cup XXIV

VOD

Have the link to the VOD?

Description

Time

  • Played on: Dec. 2, 2023, 6:33 a.m.
  • Length: 5:46

All games in this series

Show
View Real Time Build Order
Export as new Build Order

SKillous Protoss - Winner!

Build Orders: 1 Gate Expand 

Get SALT Encoding   

  12  0:00  Probe  
  13  0:12  Probe  
  14  0:18  Pylon  
  14  0:24  Probe  
  15  0:37  Gateway  
  15  0:38  Probe (Chrono Boost)  
  16  0:46  Assimilator  
  16  0:47  Probe (Chrono Boost)  
  17  0:52  Probe (Chrono Boost)  
  18  1:04  Probe  
  19  1:16  Probe  
  20  1:25  Cybernetics Core  
  20  1:33  Nexus  
  20  1:40  Pylon  
  20  1:42  Probe  
  21  1:49  Assimilator  
  21  1:55  Probe  
  21  1:58  Stalker (Chrono Boost)  
  22  2:04  Warp Gate (Chrono Boost)  
  22  2:07  Probe  
  25  2:19  Probe  
  25  2:21  Stalker  
  28  2:31  Probe  
  29  2:43  Probe  
  30  2:45  Probe  
  30  2:52  Robotics Facility  
  30  2:55  Probe  
  30  2:57  Probe  
  32  3:04  Gateway  
  32  3:06  Gateway  
  32  3:08  Probe  
  32  3:12  Pylon  
  33  3:14  Probe  
  34  3:20  Probe  
  34  3:24  Shield Battery  
  34  3:27  Probe  
  36  3:32  Probe  
  37  3:36  Warp Prism (Chrono Boost)  
  37  3:39  Probe  
  40  3:44  Probe  
  40  3:45  Stalker  
  43  3:51  Shield Battery  
  43  3:54  Pylon  
  44  3:59  Stalker  
  44  4:00  Stalker  
  47  4:03  Probe  
  47  4:05  Probe  
  49  4:12  Observer  
  49  4:16  Pylon  
  50  4:21  Stalker  
  50  4:23  Stalker x2  
  56  4:28  Probe x2  
  58  4:31  Pylon  
  58  4:44  Stalker  
  60  4:46  Probe x2  
  60  4:48  Assimilator  
  60  4:49  Stalker, Pylon  
  60  4:50  Assimilator  
  64  4:53  Stalker  
  64  4:59  Gateway  
  66  5:01  Observer  
  66  5:07  Immortal (Chrono Boost)  
  70  5:17  Probe x2  
  72  5:26  Stalker x2  
  72  5:27  Shield Battery  
  72  5:28  Shield Battery  
  76  5:29  Probe  
  76  5:34  Probe  
  78  5:37  Pylon  
Show
View Real Time Build Order
Export as new Build Order

BabyMarine Terran 

Build Orders: 2 Factory 

Get SALT Encoding   

  12  0:00  SCV  
  13  0:14  SCV  
  14  0:17  Supply Depot  
  14  0:26  SCV  
  15  0:39  SCV  
  15  0:42  Barracks  
  16  0:45  Refinery  
  16  0:51  SCV  
  16  0:55  Refinery  
  17  1:03  SCV  
  18  1:15  SCV  
  19  1:30  Orbital Command  
  19  1:35  Reaper  
  20  1:42  Factory  
  20  1:48  Supply Depot  
  20  1:55  SCV  
  21  2:07  SCV  
  22  2:11  Factory  
  22  2:19  Barracks Reactor, SCV  
  23  2:31  Factory Reactor  
  23  2:32  SCV  
  24  2:44  SCV  
  25  2:53  Supply Depot  
  26  3:02  Cyclone x2  
  29  3:07  Cyclone  
  31  3:14  Cyclone  
  31  3:15  Supply Depot  
  31  3:16  Marine  
  35  3:34  Cyclone x2  
  35  3:36  Marine  
  35  3:37  Supply Depot  
  40  3:44  Cyclone  
  41  3:49  Cyclone  
  43  4:06  Cyclone  
  43  4:22  Cyclone  
  42  4:32  Cyclone  
  42  4:36  Cyclone  
  37  4:59  Cyclone x2  
Tags
 
Add a new tag
Caveats
  • Supply blocks, unpowered buildings, or Contaminate may cause inaccurate times.
  • Supply counts are checked every 10 seconds.